 Dungeon Crawl Stone Soup version 0.26-a0-478-g6c97825307 (webtiles) character file.

Game seed: 17839345488541358142

11049 Grim the Grappler (level 11, -5/110 HPs)
             Began as a Troll Fighter on Aug 1, 2020.
             Was an Elder of the Shining One.
             Slain by an eight-headed hydra (10 damage)
             ... on level 10 of the Dungeon.
             The game lasted 00:24:37 (8972 turns).

Grim the Grappler (Troll Fighter)                   Turns: 8972, Time: 00:24:38

Health: -5/110     AC:  9    Str: 26    XL:     11   Next: 44%
Magic:  0/13       EV: 13    Int:  5    God:    the Shining One [****..]
Gold:   171        SH:  0    Dex: 11    Spells: 9/10 levels left

rFire    + + .     SeeInvis +     - Unarmed
rCold    + . .     Faith    .   (no shield)
rNeg     + + .     Spirit   +   I - +2 robe {rF+}
rPois    .         Reflect  .   (helmet restricted)
rElec    .         Harm     .   R - +0 cloak {rCorr}
rCorr    +                      (gloves unavailable)
MR       .....                  (boots unavailable)
Stlth    +.........             m - amulet of guardian spirit
HPRegen  0.68/turn              C - ring of ice
MPRegen  0.13/turn              r - ring of see invisible

@: glowing
A: large, unfitting armour, claws 3, hooves 1, horns 2, fire resistance 2,
regeneration 1, shaggy fur 1, tough skin 3
a: Divine Shield, Cleansing Flame, Renounce Religion


You were on level 10 of the Dungeon.
You worshipped the Shining One.
The Shining One was greatly pleased with you.
You visited 2 branches of the dungeon, and saw 12 of its levels.
You also visited: Sewer and Ossuary.

You collected 628 gold pieces.
You spent 457 gold pieces at shops.

Inventory:

Missiles
 i - 35 poisoned darts
 p - a throwing net (quivered)
Armour
 a - a +0 robe
 I - a +2 robe of fire resistance (worn)
 R - a +0 cloak of preservation (worn)
Jewellery
 b - an uncursed ring of teleportation
 m - an amulet of guardian spirit (around neck)
 r - a ring of see invisible (right claw)
 w - an uncursed ring of magical power
 C - a ring of ice (left claw)
 G - an uncursed ring of flight {unknown}
 M - a +4 ring of evasion {unknown}
 O - an uncursed ring of fire
 Q - a +6 ring of strength {unknown}
Wands
 o - a wand of disintegration (22)
 x - a wand of iceblast (10)
 L - a wand of flame (55)
 N - a wand of paralysis (7)
 P - a wand of digging (4)
Scrolls
 d - 8 scrolls of teleportation {unknown}
 g - 2 scrolls of noise {unknown}
 h - 3 scrolls of fear {unknown}
 j - 5 scrolls of enchant armour {unknown}
 s - 5 scrolls of blinking {unknown}
 y - 5 scrolls of magic mapping
 D - 4 scrolls of remove curse
 E - a scroll of acquirement {unknown}
 F - 4 scrolls of identify
 H - 2 scrolls of fog
 J - a scroll of vulnerability {unknown}
 K - 2 scrolls of enchant weapon
 S - a scroll of random uselessness {unknown}
 T - 2 scrolls of immolation {unknown}
Potions
 c - 4 potions of might
 e - 4 potions of curing
 f - a potion of brilliance
 k - a potion of heal wounds
 l - 2 potions of stabbing
 n - 3 potions of berserk rage
 q - a potion of lignification {unknown}
 t - 2 potions of resistance {unknown}
 u - 3 potions of degeneration {unknown}
 v - 5 potions of magic
 z - 5 potions of flight {unknown}
 A - a potion of cancellation {unknown}
 B - a potion of ambrosia {unknown}


   Skills:
 - Level 7.7 Fighting
 - Level 7.1 Dodging
   Level 2.4 Shields
 + Level 12.7 Unarmed Combat
 * Level 4.8 Invocations


You had 9 spell levels left.
You knew the following spells:

 Your Spells              Type           Power        Failure   Level
a - Apportation           Tloc           #.....       47%         1

Your spell library contained the following spells:

 Spells                   Type           Power        Failure   Level
 Animate Skeleton         Necr           #.....       47%         1
 Corona                   Hex            #......      47%         1
 Magic Dart               Conj           #...         47%         1
 Summon Small Mammal      Summ           #...         47%         1
 Searing Ray              Conj           #.....       63%         2
 Confusing Touch          Hex            #.......     85%         3
 Dazzling Flash           Conj/Hex       #.....       85%         3
 Gell's Gravitas          Tloc           #.........   85%         3
 Fulminant Prism          Conj/Hex       #.........   99%         4
 Iskenderun's Mystic Bla  Conj/Tloc      #.......     99%         4
 Petrify                  Tmut/Erth      #.......     99%         4
 Metabolic Englaciation   Hex/Ice        #.........   100%        5
 Yara's Violent Unravell  Hex/Tmut       #.........   100%        5


Dungeon Overview and Level Annotations

Branches:
Dungeon (11/15)            Temple (1/1) D:4            Lair (0/6) D:10
    Orc (0/2) D:9           Sewer (visited)         Ossuary (visited)

Altars:
Ashenzari
Cheibriados
Elyvilon
Fedhas
Gozag
Hepliaklqana
Kikubaaqudgha
Nemelex Xobeh
Okawaru
Ru
Uskayaw
Vehumet
Wu Jian
Xom
Yredelemnul
The Shining One

Shops:
D:7 :   D:8 [:   D:9 [(}[[


Innate Abilities, Weirdness & Mutations

You are too large for most types of armour.
You have claws for hands.
Your natural rate of healing is unusually fast.
You are covered in fur. (AC +1)
You have extremely tough skin. (AC +3)
You have large cloven feet.
You have a pair of horns on your head.
Your flesh is very heat resistant. (rF++)


Message History

The eight-headed hydra misses you. The eight-headed hydra bites you!
* * * LOW HITPOINT WARNING * * *
The eight-headed hydra completely misses you.
The eight-headed hydra bites you! The Shining One protects you from harm!
Okay, then.
You feel much better. The eight-headed hydra bites you!
* * * LOW HITPOINT WARNING * * *
The eight-headed hydra bites you.
* * * LOW HITPOINT WARNING * * *
The eight-headed hydra barely misses you.
The eight-headed hydra bites you! The Shining One protects you from harm!
The eight-headed hydra bites you! The Shining One protects you from harm!
The eight-headed hydra bites you.
* * * LOW HITPOINT WARNING * * *
The eight-headed hydra bites you but does no damage.
The eight-headed hydra bites you!
You die...

..P.P...PP.PP.P.P..#....#.......#
......P..PP.P......######.......#
................................#
......P.P.P.....................#
.####.............#####.........#
.# #.......>.....# #.........#
.####.....######..# #.........#
..........######..#####..........
................@D...............
#################################


You could see an eight-headed hydra.

Vanquished Creatures
  2 two-headed ogres
  Erica (D:8)
  Maurice (D:9)
  Joseph (D:9)
  Maggie (D:9)
  2 trolls
  A hippogriff (D:9)
  Prince Ribbit (D:7)
  The ghost of Zing the Insei, an amateur OpTm of Qazlal (D:4)
  Sigmund (D:3)
  2 wyverns
  A wraith (Ossuary)
  Duvessa (D:6)
  3 porcupines (D:10)
  3 orc warriors
  3 sky beasts
  A necrophage (D:10)
  An ice beast (D:9)
  A phantom (D:7)
  3 black bears (D:10)
  4 ogres
  4 centaurs
  7 big kobolds
  5 gnoll sergeants
  11 bullfrogs
  Dowan (D:6)
  A wyvern skeleton (D:11)
  2 scorpions
  6 killer bees (D:8)
  4 howler monkeys (D:8)
  4 wights (D:6)
  2 electric eels (D:7)
  2 bullfrog zombies
  2 jellies
  A hound (D:4)
  2 centaur skeletons
  9 orc priests
  3 bullfrog skeletons
  A gnoll shaman (D:8)
  5 iguanas
  Jessica (D:3)
  11 worker ants
  Terence (D:2)
  15 orc wizards
  A killer bee zombie (D:8)
  3 mummies (Ossuary)
  4 adders
  10 gnolls
  A river rat (Sewer)
  A shadow imp (D:7)
  2 white imps
  5 ufetubi
  3 oozes
  2 adder skeletons (D:5)
  An adder zombie (D:9)
  5 worms
  8 leopard geckos
  47 orcs
  4 giant cockroaches
  2 gnoll zombies (Ossuary)
  4 goblins
  6 hobgoblins
  9 jackals
  13 kobolds
  3 quokkas
  4 ball pythons
  7 bats
  4 frilled lizards
  2 goblin zombies (Ossuary)
  2 hobgoblin zombies (Ossuary)
  2 kobold zombies (Ossuary)
  A leopard gecko zombie (D:5)
  A quokka skeleton (D:5)
  7 rats
299 creatures vanquished.

Vanquished Creatures (others)
  20 fungi (D:10)
  3 plants (D:10)
23 creatures vanquished.

Grand Total: 322 creatures vanquished

Notes
Turn   | Place    | Note
-------+----------+-------------------------------------------
     0 | D:1      | Grim the Troll Fighter began the quest for the Orb.
     0 | D:1      | Reached XP level 1. HP: 22/22 MP: 0/0
   316 | D:1      | Reached XP level 2. HP: 29/29 MP: 1/1
   389 | D:1      | Reached skill level 3 in Unarmed Combat
   842 | D:2      | Reached XP level 3. HP: 28/36 MP: 2/2
  1164 | D:2      | Reached skill level 4 in Unarmed Combat
  1319 | D:2      | Noticed Terence
  1329 | D:2      | Killed Terence
  1329 | D:2      | Reached XP level 4. HP: 27/44 MP: 3/3
  1430 | D:2      | Found an opulent altar of Gozag.
  1790 | D:3      | Noticed Jessica
  1806 | D:3      | Killed Jessica
  1852 | D:3      | Found a sparkling altar of Nemelex Xobeh.
  1858 | D:3      | Reached skill level 5 in Unarmed Combat
  1984 | D:3      | Noticed Sigmund
  1995 | D:3      | Killed Sigmund
  1995 | D:3      | Reached skill level 6 in Unarmed Combat
  1995 | D:3      | Reached XP level 5. HP: 23/50 MP: 4/4
  1995 | D:3      | Reached XP level 6. HP: 28/59 MP: 5/5
  2501 | D:3      | Reached skill level 7 in Unarmed Combat
  2748 | D:4      | Found a runed translucent door.
  2754 | D:4      | Noticed Zing's ghost (amateur OpTm)
  2767 | D:4      | Killed Zing's ghost
  2767 | D:4      | Reached skill level 8 in Unarmed Combat
  2767 | D:4      | Reached XP level 7. HP: 60/66 MP: 6/6
  2823 | D:4      | Found a glowing drain.
  2827 | Sewer    | Entered a sewer
  2931 | Sewer    | Reached skill level 9 in Unarmed Combat
  3370 | D:4      | Found a staircase to the Ecumenical Temple.
  3382 | D:4      | Reached XP level 8. HP: 74/74 MP: 7/7
  3584 | D:4      | Gained mutation: Your flesh is heat resistant. (rF+)
                  | [potion of mutation]
  3584 | D:4      | Gained mutation: You passively map a small area around you.
                  | [potion of mutation]
  3584 | D:4      | Gained mutation: You have large cloven feet. [potion of
                  | mutation]
  3584 | D:4      | Gained mutation: You can translocate small distances at
                  | will. [potion of mutation]
  3585 | D:4      | Lost mutation: You can translocate small distances at will.
                  | [potion of mutation]
  3585 | D:4      | Lost mutation: You passively map a small area around you.
                  | [potion of mutation]
  3585 | D:4      | Gained mutation: You have a pair of small horns on your
                  | head. [potion of mutation]
  3585 | D:4      | Gained mutation: Your flesh is very heat resistant. (rF++)
                  | [potion of mutation]
  3585 | D:4      | Gained mutation: You have a pair of horns on your head.
                  | [potion of mutation]
  3595 | Temple   | Entered the Ecumenical Temple
  3601 | Temple   | Became a worshipper of the Shining One
  3630 | D:5      | Entered Level 5 of the Dungeon
  3779 | D:5      | Found a hide-covered altar of Uskayaw.
  3900 | D:5      | Reached * piety under the Shining One
  3930 | D:5      | Reached skill level 10 in Unarmed Combat
  4266 | D:6      | Reached skill level 5 in Fighting
  4275 | D:6      | Found a sand-covered staircase.
  4280 | Ossuary  | Entered an ossuary
  4321 | Ossuary  | Reached ** piety under the Shining One
  4529 | Ossuary  | Reached XP level 9. HP: 87/88 MP: 8/8
  4842 | D:6      | Noticed Duvessa
  4843 | D:6      | Noticed Dowan
  4856 | D:6      | Killed Duvessa
  4859 | D:6      | Killed Dowan
  5076 | D:7      | Reached *** piety under the Shining One
  5234 | D:7      | Found a white marble altar of Elyvilon.
  5379 | D:7      | Noticed Prince Ribbit
  5392 | D:7      | Reached skill level 11 in Unarmed Combat
  5398 | D:7      | Killed Prince Ribbit
  5646 | D:7      | Found Zasamel's Book Emporium.
  5984 | D:7      | Found a basalt altar of Yredelemnul.
  6056 | D:8      | Found Uttutodgh's Antique Armour Boutique.
  6233 | D:8      | Reached XP level 10. HP: 104/104 MP: 9/9
  6382 | D:8      | Found Sity's Book Boutique.
  6400 | D:8      | Bought a book of Cantrips for 240 gold pieces
  6403 | D:8      | Learned a level 1 spell: Apportation
  6437 | D:8      | Reached **** piety under the Shining One
  6483 | D:8      | Found a sacrificial altar of Ru.
  6511 | D:8      | Noticed Erica
  6518 | D:8      | Killed Erica
  6540 | D:8      | Noticed a two-headed ogre
  6548 | D:8      | Killed a two-headed ogre
  6548 | D:8      | Reached skill level 5 in Dodging
  6777 | D:8      | Found a shimmering altar of Xom.
  6782 | D:8      | Found an ancient bone altar of Kikubaaqudgha.
  6782 | D:8      | Found a radiant altar of Vehumet.
  6941 | D:9      | Found Agrol's Gadget Boutique.
  6950 | D:9      | Found Puoti Dog's Armour Shoppe.
  6997 | D:9      | Noticed Maurice
  7017 | D:9      | Killed Maurice
  7017 | D:9      | Reached skill level 12 in Unarmed Combat
  7029 | D:9      | Noticed a two-headed ogre
  7035 | D:9      | Killed a two-headed ogre
  7129 | D:9      | Noticed Joseph
  7142 | D:9      | Killed Joseph
  7142 | D:9      | Reached XP level 11. HP: 88/110 MP: 7/10
  7231 | D:9      | Found a staircase to the Orcish Mines.
  7368 | D:8      | Reached skill level 1 in Invocations
  7610 | D:9      | Found Liexekow's Weapon Emporium.
  7681 | D:9      | Found Ruto's Antique Armour Shop.
  7687 | D:9      | Bought an embroidered cloak for 217 gold pieces
  7763 | D:9      | Noticed Maggie
  7770 | D:9      | Killed Maggie
  8024 | D:9      | Found Amothrit's Antique Armour Shop.
  8061 | D:10     | Entered Level 10 of the Dungeon
  8582 | D:10     | Found a staircase to the Lair.
  8910 | D:11     | Found a white marble altar of Elyvilon.
  8951 | D:11     | Noticed a six-headed hydra
  8969 | D:10     | HP: 4/110 [eight-headed hydra (9)]
  8971 | D:10     | The Shining One protects you from harm!
  8972 | D:10     | The Shining One protects you from harm!
  8972 | D:10     | The Shining One protects you from harm!
  8972 | D:10     | Slain by an eight-headed hydra

Illustrated notes

Levels and vault maps discovered:
D:1:      lightli_arrival_noodles, layout_loops_ring, serial_forest,
          infiniplex_forest_end_3, infiniplex_forest_clump_medium,
          infiniplex_forest_clump_long, infiniplex_forest_end_3,
          infiniplex_forest_clump_diagonal, infiniplex_forest_clump_curved,
          infiniplex_forest_straight_1, minmay_statues_item
D:2:      layout_loops_corners, grunt_gozag_breadcrumbs, glass_columns_a,
          uniq_terence
D:3:      layout_loops_ring, minmay_hedge_maze, grunt_ministairs_12,
          nemelex_dance_club_becter, uniq_jessica, uniq_sigmund
D:4:      layout_rooms, minmay_temple_entry_large_hall,
          ebering_ghost_reflecting_pool, gup_sewer_entry_bowl,
          minmay_crystal_room
D:5:      layout_rooms, kennysheep_mini
D:6:      layout_basic, enter_ossuary_2, uniq_duvessa
D:7:      layout_cave_pools, kennysheep_ying_yang, serial_shops, shop,
          kennysheep_boxes, uniq_prince_ribbit1
D:8:      layout_cave_pools, gammafunk_temple_overflow_forgotten,
          nicolae_ru_the_path_less_chosen, serial_shops, shop, shop,
          minmay_misc_feat_rows, uniq_erica
D:9:      layout_basic, kennysheep_orc_monster_closet_entryway, serial_shops,
          shop_statue, nicolae_shop_waterfront, shop, nicolae_shop_trees,
          kennysheep_mini_moat, uniq_maurice, uniq_joseph, uniq_maggie
D:10:     layout_stronghold, due_lair_maze_entry_diamond
D:11:     layout_loops_ring, elyvilon_altar_5
Temple:   eino_narrow_crystal_temple

Skill      XL: |  1  2  3  4  5  6  7  8  9 10 11 |
---------------+----------------------------------+-----
Unarmed Combat | 3 4 6 8 9 10 11 12 | 12.7
Fighting       | 5 7 |  7.7
Dodging        | 3 7 |  7.1
Invocations    | 4 |  4.8
Shields        | |  2.4

Action                   |  1- 3 |  4- 6 |  7- 9 | 10-12 || total
-------------------------+-------+-------+-------+-------++-------
Melee: Unarmed           |    86 |   105 |   281 |   180 ||   652
       Punch             |     2 |       |    10 |    13 ||    25
       Kick              |       |       |    31 |    41 ||    72
       Headbutt          |       |       |    28 |    38 ||    66
Throw: Throwing net      |       |       |       |     1 ||     1
Invok: Cleansing Flame   |       |       |       |     1 ||     1
  Use: Scroll            |       |       |    13 |       ||    13
       Potion            |       |       |     5 |     5 ||    10
Armor: Robe              |    27 |    31 |    85 |    51 ||   194
Dodge: Dodged            |    29 |    45 |   107 |   123 ||   304
Block: Kite shield       |     8 |       |       |       ||     8

Table legend: (Time is in decaauts)
 A = Elapsed time spent in this place.
 B = Non-inter-level travel time spent in this place.
 C = Inter-level travel time spent in this place.
 D = Time resting spent in this place.
 E = Time spent auto-exploring this place.
 F = Levels seen in this place.
 G = Mean time per level.
                   A        B        C        D        E       F      G
               +--------+--------+--------+--------+--------+-----+--------+
         Total |   9013 |   8744 |    269 |    809 |   5821 |  14 |  643.8 |
       Dungeon |   8124 |   7855 |    269 |    807 |   5259 |  11 |  738.5 |
        Temple |     12 |     12 |      0 |      0 |      0 |   1 |   12.0 |
         Sewer |    428 |    428 |      0 |      0 |    230 |   1 |  428.0 |
       Ossuary |    447 |    447 |      0 |      2 |    331 |   1 |  447.0 |
               +--------+--------+--------+--------+--------+-----+--------+

Top non-repeatable levels by time:
     D:8: 1072 daAuts
     D:7: 1023 daAuts
     D:2: 985 daAuts
     D:9: 923 daAuts
     D:3: 833 daAuts
    D:10: 822 daAuts
     D:1: 767 daAuts
     D:4: 649 daAuts
     D:5: 558 daAuts
 Ossuary: 447 daAuts
   Sewer: 428 daAuts
     D:6: 412 daAuts
    D:11: 75 daAuts
  Temple: 12 daAuts
